 Dungeon Crawl Stone Soup version 0.29.0-4-gdea44cf6ec (webtiles) character file.

Game seed: 7947278762384141164

2695 gelatine the Magician (level 9, -3/62 HPs)
             Began as a Demonspawn Hedge Wizard on Aug 27, 2022.
             Was an Elder of Ignis.
             Slain by a white ugly thing (35 damage)
             ... on level 7 of the Dungeon.
             The game lasted 00:20:33 (7833 turns).

gelatine the Magician (Demonspawn Hedge Wizard)     Turns: 7833, Time: 00:20:35

Health: -3/62      AC: 16    Str: 11    XL:     9   Next: 38%
Magic:  3/20       EV: 13    Int: 19    God:    Ignis [****..]
Gold:   411        SH:  0    Dex: 13    Spells: 16/23 levels left

rFire   + . .      SeeInvis .   H - +1 short sword (elec)
rCold   . . .      Faith    .   (no shield)
rNeg    . . .      Spirit   .   P - +0 steam dragon scales
rPois   .          Reflect  +   c - +1 hat
rElec   .          Harm     .   (no cloak)
rCorr   .          Rampage  .   G - +0 pair of gloves
Will    .....                   g - +1 pair of boots
Stlth   +.........              a - amulet of reflection
HPRegen 0.20/turn               (no ring)
MPRegen 0.17/turn               (no ring)

@: confused, fiery-armoured, very slightly contaminated
A: powered by death 3, demonic touch 2
a: Renounce Religion, Fiery Armour, Foxfire Swarm, Rising Flame


You were on level 7 of the Dungeon.
You worshipped Ignis.
Ignis was greatly pleased with you.
You visited 2 branches of the dungeon, and saw 8 of its levels.

You collected 411 gold pieces.

Inventory:

Hand Weapons
 h - a +1 dagger of protection
 E - a +3 hand axe
 F - a +0 rapier
 H - a +1 short sword of electrocution (weapon)
 K - a +0 club
Missiles
 l - 6 boomerangs
 m - 8 poisoned darts
 J - a throwing net
Armour
 b - a +0 robe
 c - a +1 hat (worn)
 e - a +0 buckler
 g - a +1 pair of boots (worn)
 D - a +1 plate armour of cold resistance
 G - a +0 pair of gloves (worn)
 L - a +0 chain mail of poison resistance
 O - a +0 robe of cold resistance
 P - +0 steam dragon scales (worn)
Jewellery
 a - an amulet of reflection (around neck)
Wands
 s - a wand of polymorph (6)
 u - a wand of paralysis (9)
 x - a wand of roots (3)
 M - a wand of mindburst (16)
Scrolls
 f - a scroll of enchant weapon {unknown}
 j - a scroll of blinking {unknown}
 n - 5 scrolls of butterflies {unknown}
 t - 2 scrolls of teleportation {unknown}
 w - 2 scrolls of immolation {unknown}
 y - 3 scrolls of poison
 A - 3 scrolls of vulnerability
 B - 2 scrolls of amnesia {unknown}
 C - 4 scrolls of identify {unknown}
 I - a scroll of brand weapon {unknown}
Potions
 d - 3 potions of magic
 i - a potion of might {unknown}
 k - 3 potions of lignification {unknown}
 o - 3 potions of mutation {unknown}
 p - 2 potions of curing {unknown}
 q - a potion of flight {unknown}
 r - a potion of heal wounds
 v - a potion of attraction {unknown}
 z - a potion of degeneration {unknown}
 N - 2 potions of cancellation {unknown}


   Skills:
 + Level 2.5 Fighting
 + Level 2.8 Short Blades
 + Level 4.5 Dodging
 + Level 3.4 Stealth
 + Level 2.0 Shields
 + Level 7.6 Spellcasting
 + Level 5.6 Conjurations
 + Level 3.8 Summonings
 + Level 0.8 Translocations
 + Level 1.3 Earth Magic


You had 16 spell levels left.
You knew the following spells:

 Your Spells              Type           Power      Damage    Failure   Level
a - Magic Dart            Conj           100%       1d8       1%          1
b - Summon Small Mammal   Summ           84%        N/A       1%          1
c - Call Imp              Summ           21%        N/A       3%          2
d - Stone Arrow           Conj/Erth      40%        3d9       7%          3

Your spell library contained the following spells:

 Spells                   Type           Power      Damage    Failure   Level
 Sandblast                Erth           24%        2d8       5%          1
 Call Canine Familiar     Summ           21%        N/A       6%          3
 Conjure Flame            Conj/Fire      17%        6-21      9%          3
 Slow                     Hex            28%        N/A       10%         1
 Blink                    Tloc           20%        N/A       10%         2
 Passwall                 Tmut/Erth      7%         N/A       11%         2
 Mephitic Cloud           Conj/Pois/Air  14%        N/A       13%         3
 Summon Guardian Golem    Hex/Summ       14%        N/A       13%         3
 Scorch                   Fire           14%        2d5       14%         2
 Flame Wave               Conj/Fire      17%        2d7       30%         4
 Summon Cactus Giant      Summ           10%        N/A       96%         6


Dungeon Overview and Level Annotations

Branches:
Dungeon (7/15)             Temple (1/1) D:6

Altars:
Ashenzari
Cheibriados
Dithmenos
Fedhas
Gozag
Hepliaklqana
Kikubaaqudgha
Nemelex Xobeh
Qazlal
Ru
Sif Muna
Trog
Uskayaw
Vehumet
Wu Jian
Xom
Ignis


Innate Abilities, Weirdness & Mutations

You regenerate a lot of health from kills.
Your touch may inflict irresistible damage on your foes.


Message History

Your quokka dies!
Your quokka's corpse disappears in a puff of smoke!
You hit the white ugly thing but do no damage.
The white ugly thing is lightly wounded.
Your crimson imp misses the white ugly thing.
The white ugly thing trunk-slaps you but does no damage.
Casting: Call Imp (safe; 3% risk of failure)
Confirm with . or Enter, or press ? or * to list all spells.
Aiming: Stone Arrow (dangerous; 7% risk of failure)
Press: ? - help, Shift-Dir - straight line, f - white ugly thing
Aim: a white ugly thing (lightly wounded, ally target, 71% to hit)
The stone arrow hits the white ugly thing!
The white ugly thing is moderately wounded.
Your crimson imp blinks!
The white ugly thing completely misses you.
The steam dragon barely misses you. The steam dragon misses you.
Casting: Stone Arrow (dangerous; 7% risk of failure)
Confirm with . or Enter, or press ? or * to list all spells.
Aiming: Stone Arrow (dangerous; 7% risk of failure)
Press: ? - help, Shift-Dir - straight line, f/p - white ugly thing
Aim: a white ugly thing (moderately wounded, ally target, 71% to hit)
You miscast Stone Arrow.
You are very lightly contaminated with residual magic.
A wave of violent energy washes through your body.
The white ugly thing trunk-slaps you but does no damage.
The steam dragon bites you. The steam dragon claws you.
A protective cloak of flame settles atop you.
Something hits you.
Your crimson imp blinks!
The white ugly thing trunk-slaps you. The white ugly thing freezes you!
* * * LOW HITPOINT WARNING * * *
The white ugly thing is burned by your cloak of flames.
The white ugly thing is moderately wounded.
You block the steam dragon's attack. The steam dragon closely misses you.
You feel much better.
You hear some strange, mumbled words.
You are confused.
The white ugly thing trunk-slaps you. The white ugly thing freezes you!!
Ouch! That really hurt!
You die...

# #### ### ♣.♣
#.♣.♣ ♣♣.♣♣
..#♣.♣.♣#♣...♣#
..♣.♣5)††D..#
♣)♣.♣#♣.u@♣#
♣)♣.#♣♣{♣♣
#.###♣♣.♣ ♣.♣
#.).♣ .... ♣§♣
#.♣♣♣♣#.#. #u#
#.....#..# .{D
#♣♣♣♣.#..# ...
#.....#..##
.....#.♣♣♣♣#...#


You could see a white ugly thing (ally target), a steam dragon and a friendly
crimson imp (summoned).

Vanquished Creatures
  A wyvern (D:7)
  2 water moccasins (D:7)
  5 black bears
  An orc warrior (D:7)
  An ogre (D:5)
  A centaur (D:7)
  2 bullfrogs (D:6)
  Blork the orc (D:4)
  A necrophage (D:5)
  6 scorpions
  3 wights (D:7)
  4 hounds
  5 orc priests
  3 jellies
  Ijyb (D:4)
  3 iguanas
  3 orc wizards (D:5)
  Natasha (thrice) (D:4)
  7 adders
  A shadow imp (D:7)
  2 white imps
  2 dart slugs
  15 orcs
  10 endoplasms
  3 giant cockroaches
  10 goblins
  7 hobgoblins
  6 jackals
  2 quokkas
  5 ball pythons
  2 bats (D:1)
  3 frilled lizards
  4 kobolds
  7 rats
132 creatures vanquished.

Vanquished Creatures (collateral kills)
  A steam dragon (D:7)
  An orc (D:6)
  A kobold (D:3)
3 creatures vanquished.

Vanquished Creatures (others)
  3 foxfires (D:4)
  8 plants (D:7)
11 creatures vanquished.

Grand Total: 146 creatures vanquished

Notes
Turn   | Place    | Note
-------+----------+-------------------------------------------
     0 | D:1      | gelatine the Demonspawn Hedge Wizard began the quest for
                  | the Orb.
     0 | D:1      | Reached XP level 1. HP: 13/13 MP: 4/4
   301 | D:1      | Gained mutation: Your touch may inflict minor irresistible
                  | damage on your foes. [demonic ancestry]
   301 | D:1      | Reached XP level 2. HP: 19/19 MP: 3/6
   732 | D:1      | Found a faded altar of an unknown god.
   771 | D:1      | Prayed at the altar of an unknown god.
   771 | D:1      | Became a worshipper of Ignis, the Dying Flame
  1399 | D:2      | Gained mutation: You regenerate a little health from kills.
                  | [demonic ancestry]
  1399 | D:2      | Reached XP level 3. HP: 23/24 MP: 1/8
  1416 | D:2      | Reached skill level 4 in Spellcasting
  1728 | D:2      | Reached XP level 4. HP: 30/30 MP: 7/10
  1990 | D:2      | Learned a level 1 spell: Summon Small Mammal
  3280 | D:3      | Noticed a scorpion
  3299 | D:3      | Killed a scorpion
  3300 | D:3      | Gained mutation: Your touch may inflict irresistible damage
                  | on your foes. [demonic ancestry]
  3300 | D:3      | Reached XP level 5. HP: 36/36 MP: 0/12
  3617 | D:4      | Noticed Ijyb
  3638 | D:4      | Paralysed by Ijyb for 3 turns
  3642 | D:4      | Killed Ijyb
  3747 | D:4      | Noticed Natasha
  3757 | D:4      | Killed Natasha
  3768 | D:4      | Reached skill level 5 in Spellcasting
  3792 | D:4      | Noticed Natasha
  3799 | D:4      | HP: 1/36 [Natasha/magic dart (5)]
  3800 | D:4      | Killed Natasha
  3801 | D:4      | Gained mutation: You regenerate health from kills. [demonic
                  | ancestry]
  3801 | D:4      | Reached XP level 6. HP: 3/42 MP: 2/13
  3873 | D:4      | Noticed Natasha
  3877 | D:4      | HP: 2/42 [constriction (3)]
  3887 | D:4      | Found a bloodstained altar of Trog.
  4267 | D:4      | Killed Natasha
  4399 | D:4      | Found a snail-covered altar of Cheibriados.
  4732 | D:4      | Reached skill level 1 in Fighting
  4732 | D:4      | Gained mutation: You regenerate a lot of health from kills.
                  | [demonic ancestry]
  4732 | D:4      | Reached XP level 7. HP: 33/48 MP: 11/15
  4737 | D:4      | Reached skill level 1 in Short Blades
  5049 | D:4      | Reached skill level 1 in Shields
  5116 | D:4      | Noticed Blork the orc
  5125 | D:4      | Killed Blork the orc
  5260 | D:5      | Entered Level 5 of the Dungeon
  5373 | D:5      | Reached skill level 6 in Spellcasting
  5525 | D:5      | Found a sacrificial altar of Ru.
  5579 | D:5      | Learned a level 2 spell: Call Imp
  5689 | D:5      | Reached XP level 8. HP: 54/54 MP: 8/17
  6455 | D:6      | Found a staircase to the Ecumenical Temple.
  6490 | Temple   | Entered the Ecumenical Temple
  7297 | D:6      | Learned a level 3 spell: Stone Arrow
  7336 | D:7      | Reached skill level 7 in Spellcasting
  7336 | D:7      | Reached skill level 5 in Conjurations
  7575 | D:7      | Reached XP level 9. HP: 41/61 MP: 12/19
  7703 | D:7      | Reached skill level 1 in Earth Magic
  7809 | D:7      | Noticed a white ugly thing
  7833 | D:7      | Slain by a white ugly thing

Illustrated notes

Levels and vault maps discovered:
D:1:      heliophobic_arrival_dark_side_of_the_moon, layout_basic,
          basic_ecumenical_altar, chequers_mini_garden,
          minmay_misc_feat_nine_boxes
D:2:      layout_loops_corners, hangedman_abyss_or_decor_stabs
D:3:      layout_rooms, zin_academy, kennysheep_donut
D:4:      layout_basic, kennysheep_mini_moat, bloody_trog,
          eino_small_chamber_without_monster, minmay_hedge_maze,
          uniq_blork_the_orc, uniq_ijyb, uniq_natasha
D:5:      layout_basic, nicolae_ru_the_path_less_chosen, minmay_diced_spiral
D:6:      layout_basic, minmay_temple_entry_purple_smoke,
          minmay_misc_feat_cross, interstate_on_off
D:7:      nzn_winding_woodlands_medium [nzn_winding_woodlands_5x5_default,
          nzn_winding_woodlands_5x15_sidewinder,
          nzn_winding_woodlands_5x5_open_star,
          nzn_winding_woodlands_5x5_checkerboard,
          nzn_winding_woodlands_center_garden,
          nzn_winding_woodlands_5x5_perimeter, nzn_winding_woodlands_hourglass,
          nzn_winding_woodlands_5x15_sawtooth, nzn_winding_woodlands_5x5_three],
          layout_cave_pods, gammafunk_ghost_grave, minmay_bent, uniq_maggie
Temple:   dpeg_chambers_temple

Skill      XL: |  1  2  3  4  5  6  7  8  9 |
---------------+----------------------------+-----
Dodging        | 2 3 4 |  4.5
Stealth        | 2 3 |  3.4
Spellcasting   | 4 5 6 7 |  7.6
Conjurations   | 2 3 4 5 |  5.6
Fighting       | 1 2 |  2.5
Summonings     | 2 3 |  3.8
Short Blades   | 1 2 |  2.8
Shields        | 1 2 |  2.0
Earth Magic    | 1 |  1.3
Translocations | |  0.8

Action                   |  1- 3 |  4- 6 |  7- 9 || total
-------------------------+-------+-------+-------++-------
Melee: Dagger            |    36 |    57 |    39 ||   132
       Touch             |     6 |    14 |    31 ||    51
       Short sword       |       |       |    69 ||    69
       Punch             |       |       |     2 ||     2
 Cast: Magic Dart        |    69 |   125 |    88 ||   282
       Summon Small Mamm |       |    22 |    12 ||    34
       Call Imp          |       |       |     8 ||     8
       Stone Arrow       |       |       |    17 ||    17
Invok: Fiery Armour      |       |     1 |     1 ||     2
       Foxfire Swarm     |       |     1 |       ||     1
  Use: Potion            |     1 |       |     1 ||     2
       Scroll            |       |       |     4 ||     4
 Stab: Distracted        |       |       |     1 ||     1
Armor: Robe              |     6 |    34 |    40 ||    80
       Steam dragon scal |       |       |     6 ||     6
Dodge: Dodged            |    20 |    45 |    73 ||   138
Block: Other             |       |    23 |    30 ||    53
